 Dungeon Crawl Stone Soup version 0.30-a0-358-g0d69a1922f (webtiles) character file.

Game seed: 2443523955398274749

8 ryw the Caller (level 2, 12/19 HPs)
             Began as a Demonspawn Summoner on Nov 10, 2022.
             Quit the game on level 1 of the Dungeon.
             The game lasted 00:00:55 (248 turns).

ryw the Caller (Demonspawn Summoner)                 Turns: 248, Time: 00:00:55

Health: 12/19      AC:  2    Str:  8    XL:     2   Next: 0%
Magic:  1/5        EV: 12    Int: 16    God:
Gold:   12         SH:  0    Dex: 13    Spells: 2/5 levels left

rFire   . . .      SeeInvis .    (no weapon)
rCold   . . .      Faith    .    (no shield)
rNeg    . . .      Spirit   .    a - +0 robe
rPois   .          Reflect  .    (no helmet)
rElec   .          Harm     .    (no cloak)
rCorr   .          Rampage  .    (no gloves)
Will    .....                    (no boots)
Stlth   ++........               (no amulet)
HPRegen 0.23/turn                (no ring)
MPRegen 0.09/turn                (no ring)

@: no status effects
A: hooves 1
a: no special abilities


You were on level 1 of the Dungeon.
You visited 1 branch of the dungeon, and saw 1 of its levels.

You collected 12 gold pieces.

Inventory:

Armour
 a - a +0 robe (worn)
Jewellery
 c - a ring of ice
Potions
 b - a potion of magic


   Skills:
 - Level 1.8 Dodging
 - Level 1.8 Stealth
 + Level 2.3 Spellcasting
 + Level 4.2 Summonings


You had 2 spell levels left.
You knew the following spells:

 Your Spells              Type           Power      Damage    Failure   Level
a - Summon Small Mammal   Summ           60%        N/A       3%          1
b - Call Imp              Summ           15%        N/A       5%          2

Your spell library contained the following spells:

 Spells                   Type           Power      Damage    Failure   Level
 Call Canine Familiar     Summ           15%        N/A       11%         3
 Summon Guardian Golem    Hex/Summ       8%         N/A       26%         3
 Summon Lightning Spire   Summ/Air       8%         N/A       63%         4


Dungeon Overview and Level Annotations

Branches:
Dungeon (1/15)

Altars:


Innate Abilities, Weirdness & Mutations

You have large cloven feet.


Message History

The kobold hits your rat with a +0 short sword.
Your rat dies!
Your rat's corpse disappears in a puff of smoke!
Casting: Summon Small Mammal (safe; 3% risk of failure)
Confirm with . or Enter, or press ? or * to list all spells.
Casting: Summon Small Mammal (safe; 3% risk of failure)
Confirm with . or Enter, or press ? or * to list all spells.
Your bat hits the kobold but does no damage.
The kobold hits you with a +0 short sword.
You barely miss the kobold.
Your bat hits the kobold but does no damage.
The kobold closely misses you.
Your bat hits the kobold but does no damage.
You barely miss the kobold.
Your bat closely misses the kobold. x2
The kobold hits you with a +0 short sword.
Your bat misses the kobold. You hit the kobold but do no damage.
Your bat barely misses the kobold. x2
The kobold closely misses you.
You hit the kobold but do no damage. Your bat misses the kobold.
Your bat hits the kobold but does no damage.
Your bat closely misses the kobold.
The kobold hits you with a +0 short sword.
You closely miss the kobold.
Your bat hits the kobold but does no damage.
The kobold hits you with a +0 short sword.
Your bat hits the kobold. x2
You hit the kobold but do no damage.
The kobold is severely wounded.
Your bat barely misses the kobold.
Your bat hits the kobold.
The kobold dies!
You have reached level 2!
Your demonic ancestry asserts itself...
Your feet thicken and deform.
Unknown command.
Memorise Call Imp, consuming 2 spell levels and leaving 2?
You start memorising the spell.
You continue memorising. x2
You finish memorising.
Spell assigned to 'b'.
Unknown command.
Unknown command.
Are you sure you want to abandon this character and quit the game? (Confirm with "yes".)

#... $# # #...###.#.# .
.......#.#.. .....b...
....... #.!..# +.).b#
#.@..# #†...# #....+
###############....##..
.........(..............
.........######.#.###.#.
.........# #...# #
.........# #####
.........####


You could see 2 friendly bats.

Vanquished Creatures
  A bat (D:1)
1 creature vanquished.

Vanquished Creatures (collateral kills)
  2 ball pythons (D:1)
  2 hobgoblins (D:1)
  2 frilled lizards (D:1)
  2 kobolds (D:1)
8 creatures vanquished.

Grand Total: 9 creatures vanquished

Notes
Turn   | Place    | Note
-------+----------+-------------------------------------------
     0 | D:1      | ryw the Demonspawn Summoner began the quest for the Orb.
     0 | D:1      | Reached XP level 1. HP: 13/13 MP: 3/3
   245 | D:1      | Gained mutation: You have large cloven feet. [demonic
                  | ancestry]
   245 | D:1      | Reached XP level 2. HP: 11/19 MP: 1/5
   248 | D:1      | Learned a level 2 spell: Call Imp
   248 | D:1      | Quit the game

Illustrated notes

Levels and vault maps discovered:
D:1:      giann_wishing_wells, layout_basic, basic_ecumenical_altar,
          serial_park_tiny_1

Action                   || total
-------------------------++-------
Melee: Unarmed           ||    20
       Punch             ||     1
 Cast: Summon Small Mamm ||    13
 Stab: Distracted        ||     1
Armor: Robe              ||     4
Dodge: Dodged            ||    12

Table legend: (Time is in decaauts)
 A = Elapsed time spent in this place.
 B = Non-inter-level travel time spent in this place.
 C = Inter-level travel time spent in this place.
 D = Time resting spent in this place.
 E = Time spent auto-exploring this place.
 F = Levels seen in this place.
 G = Mean time per level.
                   A        B        C        D        E       F      G
               +--------+--------+--------+--------+--------+-----+--------+
         Total |    248 |    248 |      0 |      0 |    167 |   1 |  248.0 |
       Dungeon |    248 |    248 |      0 |      0 |    167 |   1 |  248.0 |
               +--------+--------+--------+--------+--------+-----+--------+

Top non-repeatable levels by time:
     D:1: 248 daAuts
